AoeStats
← ElNonan

Coastal Forest

503444563Analyzed
2v2 RM · 1mo ago on Aug 31, 2026· 27m 13s· 4 players
Game mode
Random Map
Map size
Medium (4 player)
Population
200
Speed
Normal
Resources
Standard
Victory
Conquest
Starting age
Dark Age
Ending age
Imperial Age
RankedLock teamsTeams togetherTeam positionsShared explorationLock speedFull tech treeHidden civsTurbo modeCheats
Victory
Defeat
🇫🇷 Sicilians · France
1080
+16
🇫🇷 Franks · France
1071
+17
🇵🇪 Chinese · Peru
1087
-17
🇫🇷 Mongols · France
1083
-16
Charlie Martel
7:15 Loom
10:00 Feudal Age
12:17 Double-Bit Axe
15:39 Wheelbarrow
16:52 Scale Mail Armor
17:48 Horse Collar
20:05 Fletching
20:15 Town Watch
24:28 Castle Age
24:37 Pikeman
27:42 Chain Mail Armor
Tout Petit Boulet
5:56 Loom
9:50 Feudal Age
13:11 Double-Bit Axe
22:06 Castle Age
22:33 Wheelbarrow
21:45 Town Watch
23:18 Husbandry
24:27 Bow Saw
24:44 Forging
24:44 Scale Barding Armor
26:56 Gold Mining
27:40 Town Patrol
28:25 Iron Casting
LeAigle
7:08 Loom
9:39 Feudal Age
10:46 Man-at-Arms
12:49 Double-Bit Axe
ElNonan
0:30 Loom
11:44 Feudal Age
16:23 Castle Age
14:35 Double-Bit Axe
16:49 Forging
17:04 Bloodlines
17:58 Bow Saw
18:14 Scale Barding Armor
20:59 Chain Barding Armor
21:19 Husbandry
21:57 Iron Casting
23:01 Wheelbarrow
23:13 Gold Mining
24:20 Town Watch
24:24 Horse Collar
Connection lost

Rejoining the realm…

Still unreachable

The connection could not be restored.

Session expired

The server has moved on; the page needs a fresh start.